AoeStats
← King Rizzy

Arabia

510969388Analyzed
1v1 RM · 9h ago on Oct 3, 2026· 51m 5s· 2 players
Game mode
Random Map
Map size
Tiny (2 player)
Population
200
Speed
Normal
Resources
Standard
Victory
Conquest
Starting age
Dark Age
Ending age
Imperial Age
RankedLock teamsTeams togetherTeam positionsShared explorationLock speedFull tech treeHidden civsTurbo modeCheats
Victory
Defeat
🇬🇷 Byzantines · Greece
784
+15
🇺🇸 Gurjaras · United States
757
-15
X-Minor
6:01 Loom
9:31 Feudal Age
25:28 Castle Age
26:42 Crossbowman
31:35 Fletching
31:59 Forging
31:55 Scale Barding Armor
32:26 Husbandry
43:17 Elite Skirmisher
45:34 Iron Casting
45:20 Chain Barding Armor
44:58 Bodkin Arrow
King Rizzy
11:47 Feudal Age
10:34 Loom
13:57 Double-Bit Axe
13:55 Horse Collar
22:03 Padded Archer Armor
25:40 Castle Age
24:08 Fletching
25:10 Scale Mail Armor
26:08 Pikeman
26:52 Gambesons
28:16 Stone Mining
29:17 Leather Archer Armor
29:17 Elite Skirmisher
32:10 Squires
32:54 Wheelbarrow
37:24 Imperial Age
35:13 Hand Cart
35:42 Forging
35:53 Husbandry
38:28 Conscription
39:48 Bodkin Arrow
41:25 Iron Casting
41:13 Scale Barding Armor
42:09 Hoardings
41:56 Chain Mail Armor
42:20 Arson
42:44 Gold Mining
43:38 Plate Mail Armor
43:37 Halberdier
45:57 Chemistry
44:53 Murder Holes
45:02 Bracer
45:25 Chain Barding Armor
45:59 Ring Archer Armor
46:17 Bow Saw
47:24 Heavy Plow
48:02 Plate Barding Armor
49:21 Crop Rotation
49:03 Logistica
50:10 Elite Cataphract
Connection lost

Rejoining the realm…

Still unreachable

The connection could not be restored.

Session expired

The server has moved on; the page needs a fresh start.